 Dungeon Crawl Stone Soup version 0.30-b1-2-g02819fbbbe (webtiles) character file.

Game seed: 16739524574911130384

218 maniek23 the Vexing (level 5, -8/41 HPs)
             Began as a Gnoll Hexslinger on July 26, 2023.
             Mangled by an iguana (12 damage)
             ... on level 4 of the Dungeon.
             The game lasted 00:07:00 (2336 turns).

maniek23 the Vexing (Gnoll Hexslinger)              Turns: 2336, Time: 00:07:01

Health: -8/41      AC:  4    Str:  9    XL:     5   Next: 95%
Magic:  9/10       EV: 13    Int: 13    God:
Gold:   166        SH:  0    Dex: 14    Spells: 9/10 levels left

rFire   . . .        b - +2 dagger (venom)
rCold   . . .        (no shield)
rNeg    + . .        l - +0 leather armour
rPois   .            (no helmet)
rElec   .            (no cloak)
rCorr   .            f - +0 pair of gloves
SInv    .            (no boots)
Will    .....        (no amulet)
Stlth   ++           v - ring of positive energy
HPRegen 0.26/turn    (no ring)
MPRegen 0.12/turn

%: no passive effects
@: no status effects
A: fangs 1, strong nose, distributed training
a: no special abilities


You were on level 4 of the Dungeon.
You visited 1 branch of the dungeon, and saw 4 of its levels.

You collected 166 gold pieces.

Inventory:

Hand Weapons
 a - a +1 sling
 b - a +2 dagger of venom (weapon)
Armour
 c - a +0 robe
 f - a +0 pair of gloves (worn)
 l - a +0 leather armour (worn)
Jewellery
 v - a ring of positive energy (left hand)
Scrolls
 d - 2 scrolls of poison
 e - a scroll of amnesia {unknown}
 h - 2 scrolls of immolation {unknown}
 i - a scroll of fear {unknown}
 k - a scroll of fog {unknown}
 p - a scroll of summoning {unknown}
 q - 2 scrolls of teleportation {unknown}
 s - a scroll of identify {unknown}
Potions
 g - a potion of lignification {unknown}
 j - a potion of heal wounds
 m - a potion of invisibility {unknown}
 n - 2 potions of flight {unknown}
 o - 2 potions of magic {unknown}
 r - a potion of haste {unknown}
 t - a potion of curing {unknown}
 u - a potion of might {unknown}


   Skills:
 + Level 3.1 Fighting
 + Level 1.8 Short Blades
 + Level 1.8 Long Blades
 + Level 1.8 Axes
 + Level 1.8 Maces & Flails
 + Level 1.8 Polearms
 + Level 1.8 Staves
 + Level 4.9 Ranged Weapons
 + Level 1.8 Throwing
 + Level 1.8 Armour
 + Level 4.9 Dodging
 + Level 1.8 Stealth
 + Level 1.8 Shields
 + Level 1.8 Unarmed Combat
 + Level 3.3 Spellcasting
 + Level 1.4 Conjurations
 + Level 5.6 Hexes
 + Level 1.4 Summonings
 + Level 1.4 Necromancy
 + Level 1.4 Translocations
 + Level 1.4 Transmutations
 + Level 1.4 Fire Magic
 + Level 1.4 Ice Magic
 + Level 1.4 Air Magic
 + Level 1.4 Earth Magic
 + Level 1.4 Poison Magic
 + Level 2.0 Invocations
 + Level 1.8 Evocations


You had 9 spell levels left.
You knew the following spells:

 Your Spells              Type           Power      Damage    Failure   Level
a - Slow                  Hex            64%        N/A       3%          1

Your spell library contained the following spells:

 Spells                   Type           Power      Damage    Failure   Level
 Inner Flame              Hex/Fire       11%        N/A       22%         3
 Portal Projectile        Hex/Tloc       22%        N/A       22%         3
 Cause Fear               Hex            8%         N/A       30%         4
 Volatile Blastmotes      Fire/Tloc      10%        2d10      45%         3
 Fulminant Prism          Conj/Hex       5%         3d7       56%         4
 Iskenderun's Mystic Bla  Conj/Tloc      5%         2d3       86%         4
 Lee's Rapid Deconstruct  Erth           2%         3d5*      99%         5


Dungeon Overview and Level Annotations

Branches:
Dungeon (4/15)
 Temple: D:4-7

Altars:
Ashenzari

Shops:
D:3 :


Innate Abilities, Weirdness & Mutations

You have very sharp teeth.
Your uncanny sense of smell can sniff out nearby items.
Your experience applies equally to all skills.


Message History

The orc is heavily wounded.
The orc hits you but does no damage. The orc attacks as you move away!
The orc hits you with a +0 flail.
* * * LOW HITPOINT WARNING * * *
It was a potion of heal wounds.
You feel much better. The orc closely misses you.
You closely miss the orc. You bite the orc, but do no damage.
The orc is heavily wounded.
The orc completely misses you.
You completely miss the orc.
The orc is heavily wounded.
The orc closely misses you.
You closely miss the orc.
The orc is heavily wounded.
The orc misses you.
You hit the orc.
You kill the orc!
You hit the jelly.
The jelly is poisoned.
Your hands burn!
The jelly is moderately wounded.
The jelly barely misses you.
You hit the jelly.
The jelly looks as sick as possible!
Your hands burn!
You bite the jelly, but do no damage.
The jelly is moderately wounded.
You hit the jelly.
The jelly looks as sick as possible!
Your hands burn!
* * * LOW HITPOINT WARNING * * *
You bite the jelly.
The jelly is heavily wounded.
The jelly hits you but does no damage.
You hit the jelly.
Your hands burn!
* * * LOW HITPOINT WARNING * * *
The jelly is severely wounded.
The jelly hits you but does no damage.
You hit the jelly.
Your hands burn!
* * * LOW HITPOINT WARNING * * *
The jelly is almost dead.
You kill the jelly!
Your Invocations skill increases to level 2!
You hit the iguana but do no damage.
The iguana is poisoned.
The iguana bites you!
You die...

#)# #.#
#########.################
....J....)..............<#
#########J################
#l# #.# #.########
#.l@.....# ########.#


You could see an iguana (very poisoned).

Vanquished Creatures
  A hound (D:3)
  A jelly (D:4)
  An orc priest (D:4)
  Natasha (D:2)
  4 adders
  A worm (D:2)
  A dart slug (D:1)
  5 orcs
  9 endoplasms
  3 giant cockroaches
  9 goblins
  5 hobgoblins
  6 ball pythons
  2 bats
  A frilled lizard (D:1)
  7 kobolds
  4 rats
61 creatures vanquished.

Notes
Turn   | Place    | Note
-------+----------+-------------------------------------------
     0 | D:1      | maniek23 the Gnoll Hexslinger began the quest for the Orb.
     0 | D:1      | Reached XP level 1. HP: 17/17 MP: 4/4
    69 | D:1      | Reached XP level 2. HP: 23/23 MP: 5/5
   510 | D:1      | Reached XP level 3. HP: 28/28 MP: 7/7
   810 | D:2      | Reached skill level 1 in Invocations
   874 | D:2      | Reached skill level 1 in Short Blades
   874 | D:2      | Reached skill level 1 in Long Blades
   874 | D:2      | Reached skill level 1 in Axes
   874 | D:2      | Reached skill level 1 in Maces & Flails
   874 | D:2      | Reached skill level 1 in Polearms
   874 | D:2      | Reached skill level 1 in Staves
   874 | D:2      | Reached skill level 1 in Throwing
   874 | D:2      | Reached skill level 1 in Armour
   874 | D:2      | Reached skill level 1 in Stealth
   874 | D:2      | Reached skill level 1 in Shields
   874 | D:2      | Reached skill level 1 in Unarmed Combat
   874 | D:2      | Reached skill level 1 in Evocations
  1023 | D:2      | Noticed Natasha
  1033 | D:2      | Killed Natasha
  1034 | D:2      | Reached XP level 4. HP: 17/34 MP: 5/8
  1150 | D:2      | Reached skill level 1 in Conjurations
  1150 | D:2      | Reached skill level 1 in Summonings
  1150 | D:2      | Reached skill level 1 in Necromancy
  1150 | D:2      | Reached skill level 1 in Translocations
  1150 | D:2      | Reached skill level 1 in Transmutations
  1150 | D:2      | Reached skill level 1 in Fire Magic
  1150 | D:2      | Reached skill level 1 in Ice Magic
  1150 | D:2      | Reached skill level 1 in Air Magic
  1150 | D:2      | Reached skill level 1 in Earth Magic
  1150 | D:2      | Reached skill level 1 in Poison Magic
  1482 | D:3      | Found Zoecodgh's Book Emporium.
  1774 | D:3      | Reached XP level 5. HP: 21/40 MP: 9/9
  1846 | D:3      | Noticed an eye of devastation
  1848 | D:3      | Found a faded altar of an unknown god.
  1853 | D:3      | Noticed a shining eye
  1858 | D:3      | Noticed an eye of devastation
  1858 | D:3      | Noticed a floating eye
  2223 | D:3      | Found a broken altar of Ashenzari.
  2325 | D:4      | HP: 2/41 [orc/+0 flail (4)]
  2336 | D:4      | Mangled by an iguana

Illustrated notes

Levels and vault maps discovered:
D:1:      evilmike_arrival_crescent, layout_loops_ring
D:2:      layout_loops_ring, uniq_natasha
D:3:      layout_basic, lemuel_doored_altar,
          hellmonk_ecumenical_altar_watching_god, serial_shops, shop
D:4:      layout_basic, minmay_manual_mandibuliform

Skill      XL: |  1  2  3  4  5 |
---------------+----------------+-----
Invocations    | 1 2 |  2.0
Short Blades   | 1 |  1.8
Long Blades    | 1 |  1.8
Axes           | 1 |  1.8
Maces & Flails | 1 |  1.8
Polearms       | 1 |  1.8
Staves         | 1 |  1.8
Throwing       | 1 |  1.8
Armour         | 1 |  1.8
Stealth        | 1 |  1.8
Shields        | 1 |  1.8
Unarmed Combat | 1 |  1.8
Evocations     | 1 |  1.8
Spellcasting   | 3 |  3.3
Conjurations   | 1 |  1.4
Summonings     | 1 |  1.4
Necromancy     | 1 |  1.4
Translocations | 1 |  1.4
Transmutations | 1 |  1.4
Fire Magic     | 1 |  1.4
Ice Magic      | 1 |  1.4
Air Magic      | 1 |  1.4
Earth Magic    | 1 |  1.4
Poison Magic   | 1 |  1.4
Fighting       | 3 |  3.1
Ranged Weapons | |  4.9
Dodging        | |  4.9
Hexes          | |  5.6

Action                     |  1- 3 |  4- 6 || total
---------------------------+-------+-------++-------
  Melee: Dagger            |    22 |    29 ||    51
         Bite              |     3 |     5 ||     8
         Punch             |     1 |       ||     1
   Fire: Sling             |    81 |    52 ||   133
   Cast: Slow              |     2 |       ||     2
    Use: Potion            |       |     1 ||     1
   Stab: Sleeping          |     1 |       ||     1
 Armour: Robe              |     4 |       ||     4
         Leather armour    |     6 |     9 ||    15
  Dodge: Dodged            |    21 |    26 ||    47
